 Dungeon Crawl Stone Soup version 0.16.2-12-gd0ad4c3 (webtiles) character file.

7035 Galdon the Ruffian (level 11, -9/72 HPs)
             Began as an Octopode Transmuter on Sept 30, 2015.
             Was an Elder of Qazlal.
             Shot with a sling bullet by Joseph (14 damage)
             ... on level 10 of the Dungeon on Oct 1, 2015.
             The game lasted 05:27:24 (12342 turns).

Galdon the Ruffian (Octopode Transmuter)           Turns: 12342, Time: 05:27:24

Health: -9/72      AC:  1    Str: 13    XL:     11   Next: 8%
Magic:  0/34       EV: 14    Int: 16    God:    Qazlal [****..]
Gold:   432        SH: 11    Dex: 12    Spells: 5 memorised, 7 levels left

rFire  . . .     SeeInvis +       - Unarmed
rCold  . . .     Clarity  .     P - +1 buckler
rNeg   . . .     SustAb   .     (helmet restricted)
rPois  .         Gourm    .     Y - amulet of guardian spirit
rElec  .         Spirit   +     r - ring of see invisible
rCorr  .         Warding  .     z - ring of magical power
rMut   .         Stasis   .     (no ring)
MR     .....                    (no ring)
Stlth  ++........               (no ring)
                                (no ring)
                                (no ring)
                                (no ring)

@: repel missiles, not resistant to hostile enchantments, unstealthy
A: almost no armour, amphibious, 8 rings, constrict 8, camouflage 1, gelatinous
body 1
a: Upheaval, Elemental Force, Renounce Religion


You were on level 10 of the Dungeon.
You worshipped Qazlal.
Qazlal was greatly pleased with you.
You were not hungry.

You visited 2 branches of the dungeon, and saw 11 of its levels.

You collected 432 gold pieces.

Inventory:

Hand weapons
 b - a +5 blowgun
Missiles
 c - 58 arrows
 f - 4 tomahawks
 g - 5 tomahawks of returning
 x - a javelin
 C - 24 poisoned needles
 H - 247 stones (quivered)
 K - a throwing net
Armour
 N - a +0 shield
 P - a +1 buckler (worn)
Jewellery
 r - a ring of see invisible (left tentacle)
 u - an uncursed amulet of warding
 z - a ring of magical power (right tentacle)
 Y - an amulet of guardian spirit (around mantle)
Magical devices
 t - a wand of fireball (2)
 G - a wand of polymorph (12)
 O - a wand of slowing (33)
 V - a wand of fire (4)
Scrolls
 k - 7 scrolls of identify
 I - 7 scrolls of remove curse
 J - a scroll of blinking
Potions
 q - a potion of haste
 B - a potion of might
 W - 2 potions of curing
 X - a potion of agility
Books
 d - a book of Changes

   Spells                             Type                      Level
   a - Beastly Appendage              Transmutation                1
   b - Sticks to Snakes               Transmutation                2
   c - Spider Form                    Transmutation/Poison         3
   d - Ice Form                       Ice/Transmutation            4
   e - Blade Hands                    Transmutation                5
Comestibles
 a - 6 bread rations
 v - 2 beef jerkies
 A - 13 fruits
 D - 5 meat rations
 L - 7 slices of pizza
 S - a royal jelly


   Skills:
 * Level 6.2 Fighting
 + Level 3.5 Throwing
 + Level 5.1 Dodging
 - Level 2.0 Stealth
 * Level 4.9 Shields
 * Level 7.0 Unarmed Combat
 * Level 6.2 Spellcasting
 * Level 6.8 Transmutations
 + Level 0.2 Ice Magic
 + Level 2.7 Poison Magic
 * Level 5.2 Invocations
 + Level 5.0 Evocations


You had 7 spell levels left.
You knew the following spells:

 Your Spells              Type           Power        Failure   Level  Hunger
a - Beastly Appendage     Trmt           ####..       1%          1    None
b - Sticks to Snakes      Trmt           ####......   1%          2    None
c - Spider Form           Trmt/Pois      ###.......   8%          3    ##.....
d - Blade Hands           Trmt           ####......   28%         5    #####..
e - Ice Form              Ice/Trmt       ###.....     34%         4    ####...


Dungeon Overview and Level Annotations

Branches:
Dungeon (10/15)            Temple (1/1) D:4             Orc (0/4) D:10
   Lair: D:8-11

Altars:
Ashenzari
Cheibriados
Dithmenos
Elyvilon
Fedhas
Gozag
Kikubaaqudgha
Makhleb
Nemelex Xobeh
Okawaru
Qazlal
Ru
Sif Muna
Trog
Vehumet
Xom
Yredelemnul
Zin
The Shining One

Shops:
D:7 }   D:8 *   D:9 [

Annotations:
D:10 Joseph


Innate Abilities, Weirdness & Mutations

You cannot wear most types of armour.
You are amphibious.
You can wear up to eight rings at the same time.
You can use your tentacles to constrict many enemies at once.
Your skin changes colour to match your surroundings (Stealth).
Your rubbery body absorbs attacks (AC +1).


Message History

You block the hound's attack. The hound bites you.
* * * LOW HITPOINT WARNING * * *
The hound barely misses you.
Joseph shoots a sling bullet.
The sling bullet misses you.
Your surroundings seem slightly different.
Found a hunting sling.
Found a staircase to the Orcish Mines.
You hear a shout! x3
Found 25 stones.
The orc wizard looks braver.
The orc wizard casts a spell at you. The magic dart hits you!
* * * LOW HITPOINT WARNING * * *
Found a runed mace.
The orc wizard is no longer moving quickly.
The orc wizard gestures at you while chanting.
The magic dart hits you!
* * * LOW HITPOINT WARNING * * *
Joseph shoots a sling bullet.
The sling bullet hits you!!
You die...

#.# ... #.# #.#
#.## #..#
#..####..
#..#####........#
........@# .
.......ยงยง##
..## .)....##o.#
.... ..## #..#
#.. . ##.## . #
#..## .o. ##..#
...(#
.######@.###.....
# .............#
. ##


You could see Joseph and an orc wizard.

Vanquished Creatures
  A hydra (D:9)
  Maurice (D:8)
  2 trolls (D:9)
  The ghost of Musteatbrain the Skirmisher, an average MiBe of Trog (D:4)
  7 yaks (D:9)
  A steam dragon (D:7)
  2 black bears
  2 orc warriors
  2 sky beasts
  An ice beast (D:6)
  7 ogres
  2 phantoms (D:8)
  3 centaurs
  Sigmund (D:5)
  4 big kobolds (D:9)
  A gnoll sergeant (D:4)
  3 scorpions
  4 giant frogs
  A killer bee (D:6)
  A giant frog zombie (D:7)
  8 wights
  An orc priest (D:4)
  A goliath beetle (D:7)
  3 crimson imps
  2 hounds (D:5)
  A jelly (D:7)
  A giant frog skeleton (D:10)
  A gnoll shaman (D:4)
  3 orc wizards
  6 worker ants
  2 sheep (D:9)
  Terence (D:2)
  40 gnolls
  A shadow imp (D:5)
  9 adders
  2 giant mites
  2 worms
  An ooze (D:2)
  24 orcs
  13 bats
  3 bat skeletons
  4 giant cockroaches
  15 goblins
  12 hobgoblins
  31 jackals
  6 quokkas
  2 ball pythons
  A giant cockroach zombie (D:5)
  7 giant geckos
  A giant gecko zombie (D:5)
  11 giant newts
  A jackal skeleton (D:6)
  A jackal zombie (D:6)
  21 kobolds
  A quokka skeleton (D:4)
  16 rats
  A plant (D:9)
303 creatures vanquished.

Vanquished Creatures (collateral kills)
  Menkaure (D:5)
  A ball python (D:3)
  A bat (D:4)
  4 jackals
  A quokka skeleton (D:4)
8 creatures vanquished.

Vanquished Creatures (others)
  4 killer bees (D:6)
  An orc wizard (D:6)
  A worm (D:4)
  2 bats (D:6)
  3 goblins (D:6)
  A rat (D:6)
12 creatures vanquished.

Grand Total: 323 creatures vanquished

Notes
Turn   | Place    | Note
--------------------------------------------------------------
     0 | D:1      | Galdon, the Octopode Transmuter, began the quest for the Orb.
     0 | D:1      | Reached XP level 1. HP: 13/13 MP: 3/3
   236 | D:1      | Reached XP level 2. HP: 18/18 MP: 2/4
   242 | D:1      | Learned a level 2 spell: Sticks to Snakes
   744 | D:1      | Reached XP level 3. HP: 17/23 MP: 3/6
   750 | D:1      | Learned a level 3 spell: Spider Form
  1315 | D:2      | Reached XP level 4. HP: 28/28 MP: 5/8
  1414 | D:2      | Noticed Terence
  1427 | D:2      | Killed Terence
  2109 | D:3      | Reached XP level 5. HP: 14/34 MP: 11/11
  2325 | D:3      | Noticed an ogre
  2343 | D:3      | Killed an ogre
  2343 | D:3      | Reached skill level 1 in Stealth
  2952 | D:4      | Reached XP level 6. HP: 16/39 MP: 11/13
  3223 | D:4      | Found a shattered altar of Ashenzari.
  3479 | D:4      | Reached skill level 1 in Throwing
  3493 | D:4      | Noticed an ogre
  3505 | D:4      | Killed an ogre
  3505 | D:4      | Reached skill level 4 in Spellcasting
  3505 | D:4      | Reached skill level 1 in Poison Magic
  3505 | D:4      | Reached skill level 1 in Evocations
  3673 | D:4      | Reached XP level 7. HP: 39/45 MP: 13/17
  3902 | D:4      | Found a stormy altar of Qazlal.
  3911 | D:4      | Became a worshipper of Qazlal Stormbringer
  4266 | D:4      | Found a staircase to the Ecumenical Temple.
  4329 | Temple   | Entered the Ecumenical Temple
  5324 | D:4      | Reached skill level 1 in Invocations
  5564 | D:4      | Acquired Qazlal's first power
  5569 | D:4      | Reached XP level 8. HP: 28/52 MP: 13/18
  5848 | D:4      | Noticed Musteatbrain's ghost (average MiBe)
  5867 | D:4      | Killed Musteatbrain's ghost
  5867 | D:4      | Reached skill level 1 in Shields
  5957 | D:4      | Noticed an ogre
  5970 | D:4      | Killed an ogre
  6080 | D:5      | Entered Level 5 of the Dungeon
  6080 | D:5      | Noticed Sigmund
  6087 | D:5      | Killed Sigmund
  6401 | D:5      | Reached skill level 5 in Transmutations
  6445 | D:5      | Noticed Menkaure
  6467 | D:5      | Killed Menkaure
  6467 | D:5      | Reached skill level 5 in Spellcasting
  6467 | D:5      | Reached XP level 9. HP: 29/58 MP: 13/21
  6616 | D:5      | Found a burning altar of Makhleb.
  7351 | D:6      | Acquired Qazlal's second power
  7577 | D:6      | Found a shimmering altar of Xom.
  7637 | D:6      | Found an opulent altar of Gozag.
  7638 | D:6      | Found a white marble altar of Elyvilon.
  7844 | D:6      | Reached skill level 5 in Unarmed Combat
  9165 | D:7      | Found Xish's Gadget Boutique.
  9192 | D:7      | Acquired Qazlal's third power
  9559 | D:8      | Reached skill level 6 in Transmutations
  9801 | D:8      | Found a blossoming altar of Fedhas.
  9888 | D:8      | Reached skill level 5 in Fighting
  9888 | D:8      | Reached XP level 10. HP: 64/66 MP: 17/22
 10129 | D:8      | Learned a level 5 spell: Blade Hands
 10267 | D:8      | Reached skill level 5 in Evocations
 10331 | D:8      | Found Pyutsew's Assorted Antiques.
 10429 | D:8      | Noticed Maurice
 10446 | D:8      | Killed Maurice
 10756 | D:8      | Learned a level 4 spell: Ice Form
 11415 | D:9      | Noticed a two-headed hydra
 11792 | D:9      | Acquired Qazlal's fourth power
 11895 | D:9      | Killed a two-headed hydra
 11895 | D:9      | Reached skill level 5 in Dodging
 11895 | D:9      | Reached skill level 5 in Invocations
 11895 | D:9      | Reached XP level 11. HP: 62/72 MP: 21/25
 11956 | D:9      | Found Lamigo's Armour Emporium.
 12018 | D:9      | Found a deep blue altar of Sif Muna.
 12228 | D:10     | Entered Level 10 of the Dungeon
 12272 | D:10     | Reached skill level 7 in Unarmed Combat
 12280 | D:10     | Noticed Joseph
 12292 | D:10     | Noticed a hill giant
 12324 | D:10     | Found a staircase to the Orcish Mines.
 12342 | D:10     | Shot with a sling bullet by Joseph

Action                   |  1- 3 |  4- 6 |  7- 9 | 10-12 || total
-------------------------+-------+-------+-------+-------++-------
Melee: Unarmed           |    74 |   132 |   456 |   197 ||   859
 Fire: Blowgun           |       |       |       |    12 ||    12
Throw: Stone             |    46 |    44 |   215 |    28 ||   333
       Javelin           |       |     7 |    37 |    20 ||    64
       Tomahawk          |       |       |     5 |       ||     5
 Cast: Beastly Appendage |    34 |    29 |    42 |    10 ||   115
       Sticks to Snakes  |     1 |     7 |     2 |       ||    10
       Spider Form       |       |     9 |    41 |    13 ||    63
       Ice Form          |       |       |       |     2 ||     2
 Abil: End Transformatio |       |       |     3 |     2 ||     5
Evoke: Wand              |       |       |     1 |       ||     1
  Use: Potion            |     1 |     1 |     6 |     6 ||    14
       Scroll            |     1 |     5 |     4 |    13 ||    23
 Stab: Sleeping          |     7 |     6 |     2 |       ||    15
       Distracted        |       |       |     1 |       ||     1
  Eat: Chunk             |     2 |     7 |    22 |     7 ||    38
       Beef jerky        |       |     1 |     1 |       ||     2
       Pizza             |       |       |     1 |       ||     1
       Fruit             |       |       |       |     2 ||     2
